 Dungeon Crawl Stone Soup version 0.29.1-13-g9f3cf754e1 (webtiles) character file.

Game seed: 15728090222819437760

44 tizbic2 the Ruffian (level 3, -1/57 HPs)
             Began as an Ogre Transmuter on Feb 7, 2023.
             Slain by Sigmund
             ... wielding a +0 scythe
              (7 damage)
             ... on level 2 of the Dungeon.
             The game lasted 00:05:40 (2293 turns).

tizbic2 the Ruffian (Ogre Transmuter)               Turns: 2293, Time: 00:05:41

Health: -1/57      AC: 21    Str: 14    XL:     3   Next: 60%
Magic:  6/6        EV:  1    Int: 16    God:
Gold:   22         SH:  0    Dex:  9    Spells: 6/7 levels left

rFire   . . .      SeeInvis .   m - +0 whip (venom)
rCold   . . .      Faith    .   (no shield)
rNeg    . . .      Spirit   .   (body armour currently unavailable)
rPois   +          Reflect  .   (helmet currently unavailable)
rElec   .          Harm     .   (cloak currently unavailable)
rCorr   .          Rampage  .   (gloves unavailable)
Will    .....      NoTele   +   (boots unavailable)
Stlth   +.........              (no amulet)
HPRegen 0.19/turn               (no ring)
MPRegen 0.10/turn               (no ring)

@: tree-form
A: stationary, stasis, torment immunity, boosted hp, large, unfitting armour,
(tough skin 1), (iridescent scales 1), low MP 1, robust 1
a: no special abilities


You were on level 2 of the Dungeon.
You were a tree.
You visited 1 branch of the dungeon, and saw 2 of its levels.

You collected 47 gold pieces.
You spent 25 gold pieces at shops.

Inventory:

Hand Weapons
 g - a +0 club
 m - a +0 whip of venom (weapon)
Armour
 n - a +0 robe (melded)
Scrolls
 c - a scroll of immolation
 f - 2 scrolls of torment
 i - a scroll of poison {unknown}
 l - a scroll of teleportation {unknown}
Potions
 d - a potion of brilliance {unknown}
 j - a potion of mutation
 k - a potion of magic {unknown}


   Skills:
 + Level 2.3 Fighting
 * Level 1.3 Maces & Flails
 - Level 1.7 Dodging
 + Level 3.1 Unarmed Combat
 + Level 2.9 Spellcasting
 - Level 1.7 Transmutations


You had 6 spell levels left.
You knew the following spells:

 Your Spells              Type           Power      Damage    Failure   Level
a - Beastly Appendage     Tmut           16%        N/A       9%          1

Your spell library contained the following spells:

 Spells                   Type           Power      Damage    Failure   Level
 Wereblood                Tmut           8%         N/A       14%         2
 Spider Form              Tmut/Pois      5%         N/A       36%         3
 Ice Form                 Ice/Tmut       5%         N/A       78%         4


Dungeon Overview and Level Annotations

Branches:
Dungeon (2/15)

Altars:
Makhleb

Shops:
D:1 *

Annotations:
D:2 Sigmund


Innate Abilities, Weirdness & Mutations

You are a tree.
Your roots penetrate the ground, keeping you stationary.
You cannot be teleported.
You are immune to unholy pain and torment.
Your maximum health is greatly increased.
Your equipment is partially melded.
You are too large for most types of armour.
((You have tough skin. (AC +1)))
((You are partially covered in iridescent scales. (AC +2)))
Your magical capacity is low. (-10% MP)
You are robust. (+10% HP)


Message History

Deactivating autopickup; reactivate with Ctrl-A.
You hit something but do no damage. Something hits you!
You barely miss something. You hit something but do no damage.
Something hits you but does no damage.
You barely miss something. Your punch misses something.
You hear some strange, mumbled words.
A magic dart appears from out of thin air!
The magic dart hits you. Something hits you.
You miss something. Something hits you.
You closely miss something. Something completely misses you.
You hit something but do no damage.
You hear some strange, mumbled words.
A magic dart appears from out of thin air!
The magic dart hits you.
You feel better.
You hear some strange, mumbled words.
A magic dart appears from out of thin air!
The magic dart hits you.
You miss something. Something hits you but does no damage.
You barely miss something. Something hits you!
* * * LOW HITPOINT WARNING * * *
Really quaff the potion of lignification?
You turn into a tree.
Your +0 robe melds into your body.
Your roots penetrate the ground.
Something hits you but does no damage.
You cannot move.
You cannot move.
You cannot move.
You cannot move.
You cannot move.
You cannot move.
Hit: m) +0 whip (venom)
Press: ? - help, Dir - move target You barely miss something.
Something hits you but does no damage.
Hit: m) +0 whip (venom)
Press: ? - help, Dir - move target You miss something.
Something hits you but does no damage.
Hit: m) +0 whip (venom)
Press: ? - help, Dir - move target You barely miss something.
Something hits you!
You die...

# # #..# ##.#.#
#!>..####
#########..#...!.
......{♣.....#
#########..#.#
#..# #..# #.##
#.# #######.###.#
#...........#
#.#####.##..#


There were no monsters in sight!

Vanquished Creatures
  An adder (D:2)
  2 dart slugs
  2 endoplasms (D:1)
  A giant cockroach (D:2)
  5 goblins
  A hobgoblin (D:1)
  4 kobolds
  3 quokkas (D:1)
  6 ball pythons
  A bat (D:1)
  2 frilled lizards (D:1)
28 creatures vanquished.

Notes
Turn   | Place    | Note
-------+----------+-------------------------------------------
     0 | D:1      | tizbic2 the Ogre Transmuter began the quest for the Orb.
     0 | D:1      | Reached XP level 1. HP: 19/19 MP: 3/3
   477 | D:1      | Reached XP level 2. HP: 27/28 MP: 3/5
   647 | D:1      | Reached skill level 3 in Unarmed Combat
  1059 | D:1      | Found a faded altar of an unknown god.
  1159 | D:1      | Found Dibopt's Assorted Antiques.
  1174 | D:1      | Bought a scroll labelled XICVER WIGYSK for 25 gold pieces
  1338 | D:1      | Gained mutation: You are robust. (+10% HP) [potion of
                  | mutation]
  1338 | D:1      | Gained mutation: Your magical capacity is low. (-10% MP)
                  | [potion of mutation]
  1338 | D:1      | Gained mutation: You are partially covered in iridescent
                  | scales. (AC +2) [potion of mutation]
  1350 | D:1      | Reached XP level 3. HP: 24/38 MP: 6/6
  1554 | D:1      | Reached skill level 1 in Maces & Flails
  1637 | D:2      | Found a burning altar of Makhleb.
  2275 | D:2      | Noticed Sigmund
  2293 | D:2      | Slain by Sigmund

Illustrated notes

Levels and vault maps discovered:
D:1:      dpeg_arrival_brainrot, layout_basic, chequers_ecumenical_altar_island,
          serial_co_window_serial, co_window_paths_a, co_window_paths_b,
          co_window_paths_a, co_window_paths_b, co_window_corner_a,
          co_window_2corner, co_window_cross_3, co_window_paths_c,
          co_window_corner_b, co_window_corner_b, co_window_corner_b,
          glass_columns_c, glass_columns_b, glass_columns_b, glass_columns_a,
          glass_columns_a, serial_shops, shop, nrook_loot_triangle,
          corexii_leaking_fountain
D:2:      layout_loops_ring, basic_altar, uniq_sigmund

Skill      XL: |  1  2  3 |
---------------+----------+-----
Unarmed Combat | 3 |  3.1
Fighting       | 2 |  2.3
Maces & Flails | 1 |  1.3
Dodging        | |  1.7
Spellcasting   | |  2.9
Transmutations | |  1.7

Action                   || total
-------------------------++-------
Melee: Unarmed           ||    15
       Headbutt          ||    10
       Club              ||    22
       Whip              ||    58
       Kick              ||    12
       Punch             ||     2
 Cast: Beastly Appendage ||    19
  Use: Scroll            ||     5
       Potion            ||     3
Armor: Robe              ||    24
       Skin              ||     3
Dodge: Dodged            ||    31
